 Dungeon Sprint DCSS version 0.27-a0-592-g0306a34022 (webtiles) character file.

Game seed: 7055033164438399175

1012 rocky1 the Grappler (level 8, -3/88 HPs)
             Began as a Troll Monk on Mar 11, 2021.
             Was an Elder of Okawaru.
             Slain by a troll (8 damage)
             ... in the Dungeon (Sprint VII: "The Pits").
             The game lasted 00:01:47 (314 turns).

rocky1 the Grappler (Troll Monk)                     Turns: 314, Time: 00:01:47

Health: -3/88      AC:  4    Str: 22    XL:     8   Next: 1%
Magic:  12/12      EV: 12    Int:  6    God:    Okawaru [****..]
Gold:   0          SH:  0    Dex: 12    Spells: 7/7 levels left

rFire    . . .     SeeInvis .     - Unarmed
rCold    . . .     Faith    .   (no shield)
rNeg     . . .     Spirit   .   a - +0 robe
rPois    .         Reflect  .   (helmet restricted)
rElec    .         Harm     .   (no cloak)
rCorr    .         Rampage  .   (gloves unavailable)
Will     .....     NoTele   +   (boots unavailable)
Stlth    ++........             (no amulet)
HPRegen  1.24/turn              (no ring)
MPRegen  0.13/turn              (no ring)

@: no status effects
A: large, unfitting armour, claws 3, regeneration 1, shaggy fur 1, tough skin 1
a: Renounce Religion, Heroism


You were in the Dungeon.
You worshipped Okawaru.
Okawaru was greatly pleased with you.
You visited 1 branch

Inventory:

Armour
 a - a +0 robe (worn)
Scrolls
 g - a scroll of blinking
 i - 5 scrolls of amnesia
 j - a scroll of summoning
Potions
 b - 6 potions of curing
 c - 6 potions of heal wounds
 d - a potion of haste
 e - 4 potions of magic
 f - 3 potions of berserk rage
 h - 2 potions of invisibility


   Skills:
 + Level 7.6 Fighting
 + Level 7.6 Dodging
 + Level 2.8 Stealth
 + Level 9.2 Unarmed Combat
 + Level 7.5 Invocations


You had 7 spell levels left.
You didn't know any spells.
Your spell library was empty.

Dungeon Overview and Level Annotations

Branches:
Dungeon (1/1)

Altars:
Ashenzari
Cheibriados
Dithmenos
Elyvilon
Fedhas
Gozag
Hepliaklqana
Kikubaaqudgha
Makhleb
Nemelex Xobeh
Okawaru
Qazlal
Ru
Sif Muna
Trog
Uskayaw
Vehumet
Wu Jian
Xom
Yredelemnul
Zin
The Shining One
Beogh
Jiyva
Lugonu

Annotations:
D Grinder


Innate Abilities, Weirdness & Mutations

You are too large for most types of armour.
You have claws for hands.
Your natural rate of healing is unusually fast.
You are covered in fur. (AC +1)
You have tough skin. (AC +1)


Message History

You scratch the floating eye.
The floating eye is severely wounded.
The floating eye's view fixates on you.
You scratch the floating eye.
The floating eye is severely wounded.
You scratch the floating eye.
The floating eye is almost dead.
You mangle the floating eye!!
You kill the floating eye!
Okawaru accepts your kill.
You have reached level 8!
You start resting.
You are no longer corroded.
You start resting.
HP restored.
There is an open door here.
You see here a rime drake corpse.
You open the door.
A troll, Grinder and a deep elf zephyrmancer come into view.
Grinder shouts!
The deep elf zephyrmancer shouts!
The troll shouts!
Unknown command.
The deep elf zephyrmancer mumbles some strange words.
The deep elf zephyrmancer blinks!
There is an open door here.
The deep elf zephyrmancer casts a spell at you.
The bolt of lightning hits you!
The deep elf zephyrmancer gestures wildly while chanting.
The deep elf zephyrmancer blinks!
The troll bites you! The troll claws you! The troll claws you.
You claw the deep elf zephyrmancer!
The deep elf zephyrmancer is moderately wounded.
The deep elf zephyrmancer hits you with a +0 short sword.
The troll bites you. The troll claws you! x2
* * * LOW HITPOINT WARNING * * *
You barely miss the deep elf zephyrmancer.
The deep elf zephyrmancer is moderately wounded.
The troll bites you!
* * * LOW HITPOINT WARNING * * *
The troll claws you!
You die...

#.#.....#))##.......#
#.#.....#..##.......#
#.####)##'###...<...#
#.#......†.##.......#
#.#......†.##.......#
#'###########.......#
#..#.#.##..##########
#.......#e# ###
##.#.#.##@# ...#
#.......#T#....#
##.#.#.##5'..§.+
#.......#'#....#
##.#.#..')#....#
########## ####


You could see a deep elf zephyrmancer, Grinder and a troll.

Vanquished Creatures
  A rime drake (D)
  A flying skull (D)
  2 floating eyes (D)
  A black bear (D)
  2 phantoms (D)
  A jelly (D)
  An orc priest (D)
  An iguana (D)
  An orc wizard (D)
  A mummy (D)
  A gnoll (D)
  An ooze (D)
  An adder skeleton (D)
  3 orcs (D)
  A giant cockroach (D)
  6 jackals (D)
  2 ball pythons (D)
  A frilled lizard (D)
28 creatures vanquished.

Notes
Turn   | Place    | Note
-------+----------+-------------------------------------------
     0 | D        | rocky1 the Troll Monk began the quest for the Orb.
     0 | D        | Reached XP level 1. HP: 22/22 MP: 0/0
    25 | D        | Found a bloodstained altar of Trog.
    25 | D        | Found a shimmering blue altar of Sif Muna.
    25 | D        | Found a viscous altar of Jiyva.
    25 | D        | Found a hazy altar of Hepliaklqana.
    25 | D        | Found an opulent altar of Gozag.
    26 | D        | Found a glowing golden altar of the Shining One.
    26 | D        | Found a glowing silver altar of Zin.
    26 | D        | Found a basalt altar of Yredelemnul.
    26 | D        | Found a shimmering altar of Xom.
    26 | D        | Found an ornate altar of the Wu Jian Council.
    26 | D        | Found a sacrificial altar of Ru.
    26 | D        | Found a stormy altar of Qazlal.
    26 | D        | Found an iron altar of Okawaru.
    26 | D        | Found a sparkling altar of Nemelex Xobeh.
    26 | D        | Found a burning altar of Makhleb.
    26 | D        | Found a blossoming altar of Fedhas.
    26 | D        | Found a white marble altar of Elyvilon.
    26 | D        | Found a shadowy altar of Dithmenos.
    26 | D        | Found a snail-covered altar of Cheibriados.
    29 | D        | Found a corrupted altar of Lugonu.
    29 | D        | Found a radiant altar of Vehumet.
    30 | D        | Found an ancient bone altar of Kikubaaqudgha.
    30 | D        | Found a hide-covered altar of Uskayaw.
    30 | D        | Found a broken altar of Ashenzari.
    34 | D        | Became a worshipper of Warmaster Okawaru
    34 | D        | Reached * piety under Okawaru
    34 | D        | Reached ** piety under Okawaru
    78 | D        | Noticed a floating eye
    80 | D        | Killed a floating eye
    81 | D        | Reached skill level 5 in Unarmed Combat
    81 | D        | Reached XP level 2. HP: 33/33 MP: 0/3
    81 | D        | Reached XP level 3. HP: 40/40 MP: 0/4
    81 | D        | Reached XP level 4. HP: 49/49 MP: 0/5
    96 | D        | Noticed a black bear
   102 | D        | Killed a black bear
   102 | D        | Reached *** piety under Okawaru
   103 | D        | Reached skill level 5 in Fighting
   103 | D        | Reached skill level 5 in Dodging
   103 | D        | Reached skill level 6 in Unarmed Combat
   103 | D        | Reached XP level 5. HP: 42/57 MP: 1/7
   166 | D        | Noticed a phantom
   167 | D        | Noticed a flying skull
   189 | D        | Killed a phantom
   190 | D        | Reached skill level 7 in Unarmed Combat
   190 | D        | Reached skill level 5 in Invocations
   190 | D        | Reached XP level 6. HP: 65/67 MP: 7/9
   191 | D        | Killed a flying skull
   197 | D        | Reached skill level 8 in Unarmed Combat
   242 | D        | Reached XP level 7. HP: 76/76 MP: 10/10
   243 | D        | Noticed a rime drake
   247 | D        | Killed a rime drake
   247 | D        | Reached **** piety under Okawaru
   257 | D        | Paralysed by a floating eye for 3 turns
   264 | D        | Reached skill level 9 in Unarmed Combat
   269 | D        | Reached XP level 8. HP: 44/88 MP: 12/12
   308 | D        | Noticed Grinder
   308 | D        | Noticed a deep elf zephyrmancer
   308 | D        | Noticed a troll
   314 | D        | Slain by a troll

Illustrated notes

Levels and vault maps discovered:
D:        pitsprint [storerooms_1, entrance_room_1, metal_vault_1, armoury_1,
          mini_pit_1, grid_room_1, main_hall_1, silver_pit, the_coven_1,
          the_vestibule_1, steel_vault_5, golden_pit, hallway_of_sentries,
          crystal_vault_1, iron_vault_5, final_vault]

Skill      XL: |  1  2  3  4  5  6  7 |
---------------+----------------------+-----
Fighting       | 4 5 6 7 |  7.6
Dodging        | 4 5 6 7 |  7.6
Unarmed Combat | 5 6 7 8 9 |  9.2
Invocations    | 3 4 5 6 7 |  7.5
Stealth        | 2 |  2.8

Action                   |  1- 3 |  4- 6 |  7- 9 || total
-------------------------+-------+-------+-------++-------
Melee: Unarmed           |    13 |    38 |    19 ||    70
       Punch             |       |       |     1 ||     1
 Stab: Sleeping          |       |     2 |     2 ||     4
Armor: Robe              |     5 |     7 |     1 ||    13
Dodge: Dodged            |     8 |    16 |     3 ||    27

Table legend: (Time is in decaauts)
 A = Elapsed time spent in this place.
 B = Non-inter-level travel time spent in this place.
 C = Inter-level travel time spent in this place.
 D = Time resting spent in this place.
 E = Time spent auto-exploring this place.
 F = Levels seen in this place.
 G = Mean time per level.
                   A        B        C        D        E       F      G
               +--------+--------+--------+--------+--------+-----+--------+
         Total |    305 |    293 |     12 |     67 |      0 |   1 |  305.0 |
       Dungeon |    305 |    293 |     12 |     67 |      0 |   1 |  305.0 |
               +--------+--------+--------+--------+--------+-----+--------+

Top non-repeatable levels by time:
       D: 305 daAuts
